 Dungeon Crawl Stone Soup version 0.23.0-3-gf3c87f2 (webtiles) character file.

Game seed: 8530923824206920947

206 Scud the Caller (level 5, -5/30 HPs)
             Began as a Tengu Summoner on Feb 23, 2019.
             Was an Initiate of Sif Muna.
             Killed from afar by Ijyb (16 damage)
             ... with a wand of acid (10)
             ... on level 3 of the Dungeon.
             The game lasted 00:18:40 (3232 turns).

Scud the Caller (Tengu Summoner)                    Turns: 3232, Time: 00:18:41

Health: -5/30      AC:  3    Str:  9    XL:     5   Next: 84%
Magic:  3/10       EV: 13    Int: 16    God:    Sif Muna [......]
Gold:   113        SH:  0    Dex: 16    Spells: 2/9 levels left

rFire    . . .     SeeInvis .   m - +0 whip
rCold    . . .     Gourm    .   (no shield)
rNeg     . . .     Faith    +   a - +1 robe
rPois    .         Spirit   .   (helmet restricted)
rElec    .         Reflect  .   (no cloak)
rCorr    .         Harm     .   (no gloves)
MR       .....                  (boots unavailable)
Stlth    +++.......             e - amulet of faith
HPRegen  0.10/turn              i - +2 ring of dexterity
MPRegen  0.12/turn              l - ring of stealth

@: no status effects
A: beak, talons 3, mutation resistance 1, robust 1, able to fly
a: Fly, Renounce Religion


You were on level 3 of the Dungeon.
You worshipped Sif Muna.
Sif Muna was noncommittal.
You were not hungry.

You visited 1 branch of the dungeon, and saw 3 of its levels.

You collected 113 gold pieces.

Inventory:

Hand Weapons
 m - a +0 whip (weapon)
Armour
 a - a +1 robe (worn)
Jewellery
 e - an amulet of faith (around neck)
 i - a +2 ring of dexterity (left hand)
 l - a ring of stealth (right hand)
Scrolls
 d - 6 scrolls of teleportation
 f - 2 scrolls of enchant armour
 k - a scroll of identify
 p - a scroll of remove curse
 s - a scroll of random uselessness {unknown}
 t - a scroll of immolation {unknown}
Potions
 b - a potion of flight
 h - a potion of cancellation
 j - 2 potions of agility
 n - a potion of lignification
 o - a potion of magic {unknown}
 q - a potion of curing {unknown}
 r - 2 potions of degeneration {unknown}
Comestibles
 c - 2 rations


   Skills:
 + Level 0.5 Fighting
 + Level 1.3 Maces & Flails
 + Level 2.6 Dodging
 + Level 2.5 Stealth
 + Level 1.5 Unarmed Combat
 + Level 2.9 Spellcasting
 * Level 6.6 Summonings


You had 2 spell levels left.
You knew the following spells:

 Your Spells              Type           Power        Failure   Level  Hunger
a - Summon Small Mammal   Summ           ###.         1%          1    #......
b - Call Imp              Summ           ###.....     1%          2    ##.....
c - Summon Lightning Spi  Summ/Air       ##......     43%         4    #####..

Your spell library contained the following spells:

 Spells                   Type           Power        Failure   Level  Hunger
 Call Canine Familiar     Summ           ###.....     3%          3    ###....
 Summon Guardian Golem    Hex/Summ       ##......     14%         3    ###....
 Summon Ice Beast         Ice/Summ       ##......     43%         4    #####..


Dungeon Overview and Level Annotations

Branches:
Dungeon (3/15)

Altars:
Ashenzari
Cheibriados
Elyvilon
Makhleb
Nemelex Xobeh
Okawaru
Sif Muna
Uskayaw
The Shining One

Annotations:
D:3 Ijyb


Innate Abilities, Weirdness & Mutations

You have a beak for a mouth.
You have claws for feet.
You can fly continuously.
You are somewhat resistant to further mutation.
You are robust. (+10% HP)


Message History

Your crimson imp hits Ijyb but does no damage.
Your crimson imp blinks!
Your crimson imp hits the hobgoblin.
You barely miss Ijyb.
Your crimson imp blinks!
Ijyb hits you with a +0 club.
You hit Ijyb. Your punch misses Ijyb.
Ijyb is moderately wounded.
Ijyb zaps a wand.
The bolt of acid misses you. The bolt of acid hits your white imp!!
Your white imp is splashed with acid.
The acid corrodes your white imp!
Your white imp dies!
The bolt of acid hits your crimson imp!
Your crimson imp is splashed with acid.
The acid corrodes your crimson imp!
Your crimson imp dies!
Your crimson imp hits Ijyb but does no damage.
The hobgoblin hits your crimson imp.
Ijyb zaps a wand.
The bolt of acid hits you!
Ouch! That really hurt!
You die...

....# ....#
####### #####
.......
##########.......
#g..hg.g5'.......
#5########5......
#g# ....... #.#
....... #@#
....... #.#####
....... #..)..#
#'##### #####.#
.# #.# #.# #.#
#.# #.# #.# #.#


You could see Ijyb, a hobgoblin and a friendly crimson imp.

Vanquished Creatures
  Jessica (D:3)
  Natasha (D:3)
  A worm (D:3)
  A dart slug (D:1)
  2 leopard geckos
  2 orcs (D:3)
  A ball python (D:2)
  2 giant cockroaches
  3 goblins
  6 hobgoblins
  3 jackals (D:3)
  5 kobolds
  A quokka (D:3)
  5 bats
  A frilled lizard (D:3)
  3 rats
38 creatures vanquished.

Vanquished Creatures (collateral kills)
  An orc priest (D:3)
  Natasha (D:3)
  An orc wizard (D:3)
  7 adders
  A worm (D:3)
  6 orcs (D:3)
  4 goblins
  4 hobgoblins
  4 jackals (D:1)
  2 quokkas
  A ball python (D:1)
  3 frilled lizards
  3 kobolds
  A rat (D:2)
39 creatures vanquished.

Grand Total: 77 creatures vanquished

Notes
Turn   | Place    | Note
-------+----------+-------------------------------------------
     0 | D:1      | Scud the Tengu Summoner began the quest for the Orb.
     0 | D:1      | Reached XP level 1. HP: 10/10 MP: 4/4
    43 | D:1      | Reached skill level 5 in Summonings
    92 | D:1      | Reached XP level 2. HP: 4/15 MP: 6/6
   426 | D:1      | Learned a level 2 spell: Call Imp
   661 | D:1      | Reached XP level 3. HP: 14/19 MP: 0/7
  1176 | D:2      | Reached skill level 1 in Unarmed Combat
  1227 | D:2      | Found a burning altar of Makhleb.
  1353 | D:2      | Reached XP level 4. HP: 21/24 MP: 1/8
  1614 | D:2      | Found a shattered altar of Ashenzari.
  1649 | D:2      | Gained mutation: You are somewhat resistant to further
                  | mutation. [potion of mutation]
  1649 | D:2      | Gained mutation: You are robust. (+10% HP) [potion of
                  | mutation]
  1706 | D:3      | Noticed Jessica
  1719 | D:3      | Killed Jessica
  1719 | D:3      | Reached skill level 1 in Maces & Flails
  1719 | D:3      | Reached skill level 6 in Summonings
  1775 | D:3      | Found a white marble altar of Elyvilon.
  1776 | D:3      | Found a shattered altar of Ashenzari.
  1777 | D:3      | Found a deep blue altar of Sif Muna.
  1777 | D:3      | Found a sparkling altar of Nemelex Xobeh.
  1777 | D:3      | Found a snail-covered altar of Cheibriados.
  1788 | D:3      | Found a glowing golden altar of the Shining One.
  1794 | D:3      | Found a hide-covered altar of Uskayaw.
  1799 | D:3      | Found an iron altar of Okawaru.
  1824 | D:3      | Became a worshipper of Sif Muna the Loreminder
  2005 | D:3      | Gained mutation: You can fly continuously. [Tengu growth]
  2005 | D:3      | Reached XP level 5. HP: 26/30 MP: 0/9
  2804 | D:3      | Noticed Natasha
  2817 | D:3      | Killed Natasha
  3072 | D:3      | Learned a level 4 spell: Summon Lightning Spire
  3189 | D:3      | Noticed Natasha
  3194 | D:3      | Noticed Ijyb
  3227 | D:3      | Killed Natasha
  3232 | D:3      | Killed from afar by Ijyb

Skill      XL: |  1  2  3  4 |
---------------+-------------+-----
Summonings     | 5 6 |  6.6
Unarmed Combat | 1 |  1.5
Maces & Flails | 1 |  1.3
Fighting       | |  0.5
Dodging        | |  2.6
Stealth        | |  2.5
Spellcasting   | |  2.9

Action                   |  1- 3 |  4- 6 || total
-------------------------+-------+-------++-------
Melee: Unarmed           |    48 |       ||    48
       Kick              |    15 |    17 ||    32
       Peck              |     8 |    13 ||    21
       Whip              |    22 |    76 ||    98
       Punch             |       |     1 ||     1
 Cast: Summon Small Mamm |     5 |       ||     5
       Call Imp          |    12 |    23 ||    35
  Use: Scroll            |       |     5 ||     5
       Potion            |       |     5 ||     5
 Stab: Sleeping          |     3 |     4 ||     7
  Eat: Chunk             |     2 |     3 ||     5
       Ration            |       |     2 ||     2
Armor: Robe              |    17 |     9 ||    26
Dodge: Dodged            |    65 |    41 ||   106
